Map: Ice and Chrome LE

Players

ViBE

  • Race: Protoss Protoss
  • League: Master
  • Spawn Location: 7:00

A.I. 2 (Medium) - Winner!

  • Race: Zerg Zerg
  • Spawn Location: 1:00

VOD

Have the link to the VOD?

Description

Time

  • Played on: July 24, 2020, 4:43 p.m.
  • Length: 17:52
Show
View Real Time Build Order
Export as new Build Order

ViBE Protoss 

Build Orders: 1 Gate Expand, Archon Immortal 

Get SALT Encoding   

  12  0:01  Probe  
  13  0:13  Probe  
  14  0:22  Pylon  
  14  0:25  Probe  
  15  0:39  Probe  
  15  0:42  Gateway  
  16  0:47  Probe  
  16  0:49  Assimilator  
  16  0:55  Probe  
  18  1:06  Probe  
  19  1:18  Probe  
  20  1:28  Nexus  
  20  1:41  Cybernetics Core  
  20  1:44  Probe  
  21  1:52  Assimilator  
  21  1:53  Pylon  
  21  1:56  Probe  
  22  2:07  Probe  
  22  2:08  Stalker  
  22  2:15  Probe  
  23  2:17  Warp Gate  
  26  2:27  Probe  
  27  2:38  Probe  
  27  2:39  Probe  
  27  2:40  Sentry  
  31  2:46  Probe  
  32  2:51  Probe  
  32  2:55  Probe  
  33  3:02  Robotics Facility  
  33  3:03  Probe  
  33  3:04  Gateway  
  35  3:06  Probe, Shield Battery  
  35  3:09  Sentry  
  38  3:14  Probe  
  38  3:15  Probe  
  38  3:19  Assimilator  
  40  3:21  Assimilator  
  40  3:22  Probe  
  41  3:28  Probe  
  41  3:33  Probe  
  42  3:35  Sentry  
  42  3:40  Probe  
  46  3:49  Pylon  
  46  3:52  Pylon  
  46  3:56  Pylon  
  46  4:01  Observer  
  46  4:07  Probe x2  
  49  4:14  Sentry, Stalker  
  53  4:18  Immortal  
  53  4:19  Probe x2  
  60  4:31  Probe x2  
  60  4:35  Nexus  
  60  4:38  Pylon  
  61  4:44  Stalker x2  
  65  4:54  Probe x2  
  65  4:58  Gateway  
  65  4:59  Gateway  
  67  5:05  Gateway  
  67  5:11  Stalker x2  
  71  5:18  Immortal  
  71  5:22  Probe x2  
  71  5:23  Pylon  
  77  5:32  Pylon  
  77  5:34  Probe  
  78  5:41  Twilight Council  
  78  5:42  Probe  
  79  5:45  Forge  
  79  5:50  Forge  
  79  5:57  Immortal  
  79  5:58  Probe x2  
  79  5:59  Probe  
  82  6:05  Protoss Shields Level 1, Protoss Ground Weapons Level 1  
  82  6:10  Probe x2  
  82  6:11  Probe  
  89  6:17  Stalker x2  
  93  6:22  Probe x2  
  95  6:32  Probe  
  96  6:34  Probe x2  
  96  6:36  Assimilator  
  96  6:39  Assimilator  
  98  6:44  Probe  
  98  6:46  Probe x2  
  101  6:49  Blink  
  101  6:56  Probe  
  101  6:58  Probe x2  
  104  7:06  Nexus  
  104  7:07  Pylon  
  104  7:08  Probe  
  105  7:09  Stalker x2  
  105  7:10  Pylon  
  105  7:14  Templar Archives  
  109  7:18  Pylon  
  109  7:22  Pylon  
  109  7:25  Probe x2  
  109  7:27  Stalker  
  109  7:28  Stalker x2  
  109  7:29  Probe  
  118  7:37  Probe  
  118  7:38  Pylon, Probe  
  118  7:41  Probe  
  121  7:45  Protoss Ground Weapons Level 2, Protoss Shields Level 2  
  121  7:49  Probe  
  121  7:50  Probe  
  123  7:52  High Templar x4  
  123  7:53  Probe, Stalker  
  134  8:00  Assimilator  
  134  8:02  Probe x2  
  134  8:03  Archon, Assimilator  
  134  8:04  Archon  
  136  8:05  Probe  
  136  8:08  Immortal  
  141  8:22  Pylon  
  141  8:26  Pylon  
  141  8:27  Gateway  
  141  8:28  Gateway  
  141  8:32  Pylon  
  141  8:36  Gateway  
  141  8:43  Probe x2  
  145  8:49  Stalker x5  
  145  8:51  Gateway  
  153  9:05  Immortal  
  153  9:09  Stargate  
  157  9:14  Protoss Air Weapons Level 1  
  157  9:15  Pylon  
  157  9:18  Pylon  
  157  9:23  Stalker x7  
  171  9:30  Charge  
  171  9:37  Psionic Storm  
  171  9:44  Immortal  
  175  9:51  Stalker x5  
  175  9:52  Stalker x4  
  193  10:06  Photon Cannon  
  187  10:08  Photon Cannon  
  187  10:11  Shield Battery  
  187  10:12  Photon Cannon  
  187  10:15  Photon Cannon  
  187  10:17  Photon Cannon, Shield Battery  
  187  10:20  Photon Cannon  
  187  10:22  Photon Cannon, Shield Battery  
  187  10:24  Photon Cannon, Immortal  
  187  10:26  Shield Battery  
  187  10:28  High Templar x4  
  199  10:29  Probe  
  200  10:37  Nexus  
  200  10:39  Pylon, Protoss Shields Level 3, Protoss Ground Weapons Level 3  
  200  10:42  Pylon  
  200  10:46  Pylon  
  200  11:02  Photon Cannon  
  200  11:03  Photon Cannon  
  200  11:06  Shield Battery  
  200  11:09  Archon  
  200  11:10  Archon  
  200  11:17  Fleet Beacon  
  200  11:19  Stargate  
  200  11:20  Stargate  
  200  11:23  Stargate x2  
  192  11:59  Assimilator  
  192  12:00  Assimilator  
  188  12:16  Carrier x2  
  196  12:56  Protoss Air Weapons Level 2  
Show
View Real Time Build Order
Export as new Build Order

A.I. 2 (Medium) Zerg - Winner!

Build Orders: 1 Base Baneling Bust, Pool First 

Get SALT Encoding   

  12  0:00  Drone  
  13  0:12  Overlord  
  13  0:16  Drone  
  14  0:31  Drone  
  14  0:33  Drone  
  16  0:43  Spawning Pool  
  16  0:45  Drone  
  16  0:49  Drone  
  17  0:52  Extractor  
  17  0:56  Drone  
  17  1:06  Overlord  
  17  1:31  Queen, Zergling x2  
  20  1:37  Roach Warren  
  20  1:39  Drone  
  20  1:42  Zergling x2  
  20  1:44  Extractor  
  20  1:49  Drone  
  21  2:00  Drone  
  22  2:10  Overlord  
  22  2:22  Roach  
  24  2:32  Roach  
  26  2:37  Overlord  
  26  2:43  Roach  
  28  2:47  Drone  
  29  2:52  Drone  
  29  2:55  Roach  
  32  3:05  Drone  
  32  3:06  Baneling Nest  
  32  3:09  Roach, Drone  
  35  3:13  Drone  
  35  3:17  Drone  
  37  3:28  Roach  
  37  3:29  Evolution Chamber  
  38  3:38  Drone  
  38  3:41  Overlord, Drone  
  40  5:13  Lair, Drone, Overlord  
  41  5:16  Drone, Spore Crawler  
  41  5:18  Spore Crawler  
  41  5:19  Drone  
  41  5:22  Drone  
  41  5:28  Evolution Chamber  
  41  5:30  Drone  
  42  5:41  Spine Crawler  
  42  5:42  Drone  
  42  5:47  Spine Crawler  
  42  5:48  Drone  
  41  6:00  Zergling x2  
  29  6:10  Queen  
  29  6:11  Overseer x2  
  31  6:13  Hydralisk Den  
  31  6:14  Roach  
  31  6:15  Infestation Pit  
  31  6:19  Spire  
  31  6:20  Drone  
  31  6:27  Roach  
  31  6:28  Hatchery  
  31  6:29  Drone  
  33  6:41  Ravager  
  33  6:42  Roach  
  36  6:54  Hydralisk  
  38  7:08  Hydralisk  
  40  7:22  Ravager, Hydralisk  
  43  7:36  Roach  
  45  7:40  Queen  
  45  7:41  Drone  
  45  7:43  Drone  
  49  7:46  Drone  
  49  7:49  Drone, Hydralisk  
  49  7:50  Extractor  
  52  7:52  Spore Crawler, Drone  
  52  7:54  Spore Crawler  
  52  7:55  Drone  
  52  7:58  Drone  
  53  8:01  Drone  
  53  8:03  Drone  
  55  8:06  Drone  
  55  8:09  Drone  
  55  8:12  Drone  
  58  8:15  Drone  
  58  8:18  Drone  
  58  8:19  Overlord, Spine Crawler  
  59  8:21  Spine Crawler, Drone  
  59  8:23  Drone  
  59  8:26  Drone  
  61  8:30  Drone  
  62  8:36  Drone  
  62  8:40  Drone  
  64  8:46  Drone  
  65  8:49  Drone  
  65  8:52  Drone  
  67  9:32  Pneumatized Carapace  
  67  9:33  Overseer, Overlord x2, Roach  
  67  9:34  Burrow, Zerg Melee Weapons Level 1, Zerg Ground Armor Level 1  
  69  9:39  Roach  
  69  9:44  Hydralisk  
  73  9:57  Extractor  
  73  9:58  Drone, Zergling x2  
  73  10:04  Roach  
  57  10:10  Roach  
  59  10:15  Hydralisk  
  59  10:16  Hive  
  59  10:17  Overseer  
  59  10:20  Drone, Hydralisk  
  64  10:23  Drone  
  64  10:26  Hydralisk  
  67  10:32  Ravager, Hydralisk  
  70  10:39  Roach, Ravager  
  70  10:40  Overlord  
  73  10:44  Roach  
  75  11:26  Zergling x2  
  75  11:27  Hatchery  
  75  11:29  Ultralisk Cavern  
  75  11:32  Roach  
  65  11:36  Overseer  
  65  11:37  Overlord  
  65  11:38  Roach  
  53  11:43  Roach  
  53  11:45  Overseer  
  55  11:49  Roach  
  47  11:54  Hydralisk  
  47  11:55  Overlord, Drone  
  47  11:56  Queen  
  47  12:06  Hydralisk  
  47  12:07  Drone  
  40  12:10  Drone  
  37  12:17  Zergling x2, Spore Crawler  
  37  12:21  Drone  
  27  12:26  Overseer  
  27  12:28  Spire, Zergling x2  
  25  12:33  Queen  
  25  12:35  Roach  
  22  12:38  Overlord, Drone  
  22  12:41  Evolution Chamber, Drone  
  18  12:44  Drone  
  18  12:50  Evolution Chamber  
  18  12:53  Hydralisk Den  
  17  13:01  Drone  
  18  13:07  Hatchery  
  18  13:08  Drone  
  18  13:16  Drone  
  18  13:17  Extractor  
  18  13:21  Roach, Drone  
  18  13:24  Hydralisk  
  23  13:28  Extractor  
  23  13:30  Drone  
  23  13:38  Drone  
  24  13:46  Drone  
  25  13:54  Drone  
  24  14:00  Drone  
  25  14:25  Spawning Pool  
  24  14:40  Drone  
  25  14:46  Roach  
  27  14:54  Infestor  
  27  14:59  Drone  
  30  15:04  Drone  
  31  15:08  Drone  
  31  15:13  Drone  
  33  15:14  Queen  
  33  15:18  Drone  
  36  15:26  Overlord  
  36  15:28  Drone  
  37  15:32  Drone  
  38  15:36  Drone  
  38  15:39  Drone  
  38  15:42  Drone  
  41  15:45  Drone  
  41  15:48  Drone  
  43  15:51  Drone  
  43  15:56  Overlord  
  44  15:59  Overseer  
  44  16:01  Overseer  
  44  16:06  Roach  
  44  16:09  Roach  
  48  16:23  Ultralisk  
  54  16:27  Overlord  
  54  16:37  Queen  
  54  16:43  Hydralisk  
  52  16:51  Zergling x2  
  49  16:58  Hydralisk  
  51  17:15  Overlord  
  51  17:19  Drone  
  51  17:22  Hatchery  
  51  17:23  Drone  
  51  17:28  Overseer  
  52  17:33  Drone  
Tags
 
Add a new tag
Caveats
  • Supply blocks, unpowered buildings, or Contaminate may cause inaccurate times.
  • Supply counts are checked every 10 seconds.